 Dungeon Crawl Stone Soup version 0.26.0-10-g1f06aea511 (webtiles) character file.

Game seed: 9727175512287741048

902 septik the Chopper (level 7, -1/63 HPs)
             Began as a Minotaur Berserker on Jan 28, 2021.
             Was a Priest of Trog.
             Slain by Duvessa
             ... wielding a +0 short sword
              (5 damage)
             ... on level 5 of the Dungeon.
             The game lasted 00:12:46 (4588 turns).

septik the Chopper (Minotaur Berserker)             Turns: 4588, Time: 00:12:47

Health: -1/63      AC: 13    Str: 24    XL:     7   Next: 80%
Magic:  6/6        EV: 10    Int:  4    God:    Trog [***...]
Gold:   184        SH:  0    Dex:  9    Spells: 6/6 levels left

rFire    . . .     SeeInvis .   k - +0 war axe
rCold    . . .     Faith    .   (no shield)
rNeg     + . .     Spirit   .   h - +4 chain mail of the Arcane {rN+}
rPois    .         Reflect  .   (helmet restricted)
rElec    .         Harm     .   (no cloak)
rCorr    .         Rampage  .   (no gloves)
Will     .....                  (no boots)
Stlth    ..........             (no amulet)
HPRegen  0.20/turn              (no ring)
MPRegen  0.10/turn              (no ring)

@: berserk cooldown, slowed, very slow
A: retaliatory headbutt, horns 2
a: Renounce Religion, Berserk, Trog's Hand


You were on level 5 of the Dungeon.
You worshipped Trog.
Trog was most pleased with you.
You visited 1 branch of the dungeon, and saw 5 of its levels.

You collected 184 gold pieces.

Inventory:

Hand Weapons
 a - a +0 hand axe
 k - a +0 war axe (weapon)
Missiles
 e - 156 stones (quivered)
Armour
 h - the +4 chain mail of the Arcane (worn) {rN+}
   (You found it on level 1 of the Dungeon)

   It protects you from negative energy.
Jewellery
 q - an uncursed ring of see invisible
 t - an uncursed ring of ice
 w - an uncursed amulet of reflection
 y - an uncursed ring of poison resistance
 A - an uncursed ring of willpower
Scrolls
 f - 4 scrolls of teleportation
 n - 4 scrolls of identify
 o - a scroll of fear
 p - a scroll of fog {unknown}
 s - a scroll of immolation {unknown}
 x - a scroll of magic mapping {unknown}
Potions
 b - 2 potions of curing {unknown}
 c - a potion of mutation
 d - 2 potions of magic {unknown}
 g - a potion of heal wounds {unknown}
 i - a potion of lignification {unknown}
 j - 2 potions of might {unknown}
 m - 2 potions of flight {unknown}
 r - a potion of haste {unknown}
 v - 2 potions of degeneration {unknown}
 z - a potion of ambrosia {unknown}


   Skills:
 + Level 6.0 Fighting
 * Level 7.6 Axes
 + Level 5.4 Armour
 + Level 4.7 Dodging


You had 6 spell levels left.
You didn't know any spells.
Your spell library was empty.

Dungeon Overview and Level Annotations

Branches:
Dungeon (5/15)             Temple (0/1) D:4

Altars:
Ashenzari
Vehumet

Annotations:
D:5 Duvessa


Innate Abilities, Weirdness & Mutations

You reflexively headbutt those who attack you in melee.
You have a pair of horns on your head.


Message History

You slash Duvessa! You headbutt Duvessa.
Duvessa is moderately wounded.
Duvessa hits you but does no damage. Duvessa misses you.
You hit Duvessa. Your headbutt misses Duvessa.
Duvessa is heavily wounded.
Duvessa hits you with a +0 short sword! x2
Duvessa hits you with a +0 short sword.
You hit Duvessa.
Duvessa is heavily wounded.
Duvessa hits you with a +0 short sword. x2
You slash Duvessa!
Duvessa is heavily wounded.
Duvessa hits you with a +0 short sword!
* * * LOW HITPOINT WARNING * * *
Duvessa hits you but does no damage. Duvessa hits you with a +0 short sword!
* * * LOW HITPOINT WARNING * * *
You hit Duvessa.
Duvessa is severely wounded.
Duvessa barely misses you. Duvessa hits you with a +0 short sword.
You die...

### ##.##
##.#.##
##.###.## . #.##
##)# ...
##.###..###....#
#
##.#.#.@ehh....
# ##.######....#
# #####.# .## #
##...#.# #####
#......# ....#
#......# ###.#
#.#.#.## # #.#
#.._..# # #.#
###.#.##


You could see Duvessa (berserk) and 2 jackals.

Vanquished Creatures
  A sky beast (D:5)
  Dowan (D:5)
  3 scorpions (D:4)
  A hound (D:4)
  4 orc priests (D:4)
  4 orc wizards
  A bullfrog skeleton (D:4)
  Natasha (thrice) (D:3)
  3 worker ants
  4 gnolls (D:3)
  3 adders
  An ooze (D:2)
  An adder zombie (D:4)
  2 worms (D:2)
  2 dart slugs
  10 leopard geckos
  9 orcs
  3 giant cockroaches
  7 goblins
  10 hobgoblins
  6 jackals
  9 kobolds
  2 quokkas (D:3)
  A ball python (D:3)
  8 bats
  4 frilled lizards
  2 leopard gecko skeletons (D:4)
  5 rats
110 creatures vanquished.

Vanquished Creatures (others)
  12 plants (D:3)
12 creatures vanquished.

Grand Total: 122 creatures vanquished

Notes
Turn   | Place    | Note
-------+----------+-------------------------------------------
     0 | D:1      | septik the Minotaur Berserker began the quest for the Orb.
     0 | D:1      | Reached XP level 1. HP: 19/19 MP: 0/0
   367 | D:1      | Reached XP level 2. HP: 24/27 MP: 1/1
   452 | D:1      | Reached skill level 4 in Axes
   863 | D:1      | Got a heavily runed chain mail
   878 | D:1      | Identified the +4 chain mail of the Arcane {rN+} (You found
                  | it on level 1 of the Dungeon)
  1178 | D:2      | Reached ** piety under Trog
  1189 | D:2      | Reached XP level 3. HP: 33/33 MP: 2/2
  1652 | D:2      | You fall into a shaft and drop 2 floors!
  1663 | D:4      | Reached XP level 4. HP: 7/40 MP: 3/3
  1666 | D:4      | Reached skill level 5 in Axes
  1973 | D:4      | Reached XP level 5. HP: 42/47 MP: 4/4
  2263 | D:4      | Reached XP level 6. HP: 47/55 MP: 5/5
  2368 | D:4      | Found a staircase to the Ecumenical Temple.
  2450 | D:4      | Reached skill level 5 in Fighting
  2450 | D:4      | Reached skill level 6 in Axes
  2741 | D:4      | Reached XP level 7. HP: 61/61 MP: 6/6
  2782 | D:4      | Reached *** piety under Trog
  2975 | D:3      | Noticed Natasha
  2978 | D:3      | Killed Natasha
  3038 | D:3      | Reached skill level 7 in Axes
  3053 | D:3      | Noticed Natasha
  3059 | D:3      | Killed Natasha
  3217 | D:3      | Found a radiant altar of Vehumet.
  3336 | D:3      | Reached skill level 5 in Armour
  3527 | D:3      | Noticed Natasha
  3533 | D:3      | Killed Natasha
  3618 | D:3      | Found a faded altar of an unknown god.
  4406 | D:5      | Entered Level 5 of the Dungeon
  4537 | D:5      | Found a broken altar of Ashenzari.
  4565 | D:5      | Noticed Dowan
  4576 | D:5      | Killed Dowan
  4580 | D:5      | Noticed Duvessa
  4588 | D:5      | Slain by Duvessa

Illustrated notes

Levels and vault maps discovered:
D:1:      elethiomel_arrival_maze, layout_loops_ring, minivault_5
D:2:      layout_loops_corners, nicolae_overflow_hidden_temple
D:3:      layout_basic, lemuel_doored_altar, chequers_ecumenical_altar_island,
          serial_bayou_lake_a, uniq_natasha
D:4:      layout_rooms, temple_green
D:5:      minmay_thick_lines, layout_loops_corners, ashenzari_altar_1,
          kennysheep_generic_room_8, uniq_duvessa

Skill      XL: |  1  2  3  4  5  6  7 |
---------------+----------------------+-----
Axes           | 4 5 6 7 |  7.6
Armour         | 3 4 5 |  5.4
Fighting       | 4 5 6 |  6.0
Dodging        | 3 4 |  4.7

Action                   |  1- 3 |  4- 6 |  7- 9 || total
-------------------------+-------+-------+-------++-------
Melee: Hand axe          |    78 |     3 |       ||    81
       Headbutt          |    17 |    15 |    12 ||    44
       War axe           |       |    53 |   125 ||   178
Throw: Stone             |    33 |     1 |       ||    34
Invok: Berserk           |     1 |     1 |     2 ||     4
  Use: Scroll            |     3 |       |     3 ||     6
Armor: Animal skin       |     7 |       |       ||     7
       Chain mail        |    21 |    37 |    73 ||   131
Dodge: Dodged            |    58 |    25 |    71 ||   154
